 Dungeon Crawl Stone Soup version 0.21.1-1-g345015fe64 (webtiles) character file.

331 tokuosma the Purveyor of Pain (level 6, -4/44 HPs)
             Began as a Vampire Necromancer on Mar 7, 2018.
             Was an Initiate of Kikubaaqudgha.
             Slain by coier's ghost (19 damage)
             ... on level 4 of the Dungeon.
             The game lasted 00:26:27 (4285 turns).

tokuosma the Purveyor of Pain (Vampire Necromancer) Turns: 4285, Time: 00:26:28

Health: -4/44      AC:  6    Str:  7    XL:     6   Next: 26%
Magic:  10/11      EV: 13    Int: 20    God:    Kikubaaqudgha [......]
Gold:   94         SH:  4    Dex: 14    Spells: 2/12 levels left

rFire    . . .     SeeInvis +   (no weapon)
rCold    + . .     Gourm    .   (no shield)
rNeg     + + .     Faith    .   a - +1 robe
rPois    +         Spirit   .   (no helmet)
rElec    .         Reflect  +   g - +2 cloak
rCorr    .         Harm     .   (no gloves)
MR       .....                  (no boots)
Stlth    ++++......             e - +4 amulet of reflection
HPRegen  0.07/turn              (no ring)
MPRegen  0.12/turn              (no ring)

@: regenerating slowly
A: fangs 3, see invisible, unbreathing
a: Bat Form, Renounce Religion


You were on level 4 of the Dungeon.
You worshipped Kikubaaqudgha.
Kikubaaqudgha was noncommittal.
You were thirsty.

You visited 1 branch of the dungeon, and saw 4 of its levels.

You collected 94 gold pieces.

Inventory:

Armour
 a - a +1 robe (worn)
 g - a +2 cloak (worn)
Jewellery
 e - a +4 amulet of reflection (around neck)
 n - a cursed amulet of regeneration
Scrolls
 j - 3 scrolls of remove curse
 k - 2 scrolls of magic mapping
 m - a scroll of blinking
 o - 3 scrolls of teleportation
 r - a scroll of enchant armour
 s - a scroll of fear {unknown}
 t - a scroll of enchant weapon
Potions
 c - a potion of cancellation {unknown}
 d - 2 potions of brilliance
 f - a potion of ambrosia {unknown}
 h - a potion of resistance {unknown}
 l - a potion of curing
 p - a potion of lignification
Books
 b - a book of Necromancy

   Spells                             Type                      Level
   a - Pain                           Necromancy                   1
   b - Animate Skeleton               Necromancy                   1
   c - Vampiric Draining              Necromancy                   3
   d - Regeneration                   Charms/Necromancy            3
   e - Animate Dead                   Necromancy                   4
   f - Borgnjor's Vile Clutch         Necromancy/Earth             5
 i - Vehumet's Catalogue of Conjuration
   (You found it on level 2 of the Dungeon)

   Spells                             Type                      Level
   a - Magic Dart                     Conjuration                  1
 q - a book of Misfortune

   Spells                             Type                      Level
   a - Confusing Touch                Hexes                        1
   b - Confuse                        Hexes                        3
   c - Gell's Gravitas                Translocation                3
   d - Petrify                        Transmutation/Earth          4
   e - Metabolic Englaciation         Hexes/Ice                    5
   f - Yara's Violent Unravelling     Hexes/Transmutation          5


   Skills:
 * Level 1.9 Fighting
 + Level 2.4 Dodging
 + Level 3.9 Stealth
 - Level 0.9 Unarmed Combat
 + Level 3.9 Spellcasting
 * Level 0.3 Hexes
 + Level 6.2 Necromancy


You had 2 spell levels left.
You knew the following spells:

 Your Spells              Type           Power        Failure   Level  Hunger
a - Pain                  Necr           ####         1%          1    None
b - Animate Skeleton      Necr           N/A          1%          1    None
c - Vampiric Draining     Necr           ####......   3%          3    ###....
d - Animate Dead          Necr           N/A          10%         4    ####...
e - Confusing Touch       Hex            #.....       11%         1    None


Dungeon Overview and Level Annotations

Branches:
Dungeon (4/15)
 Temple: D:4-7

Altars:
Gozag
Kikubaaqudgha
Sif Muna
Vehumet

Annotations:
D:3 Rasser's ghost, amateur DEWz
D:4 coier's ghost, novice GnWn


Innate Abilities, Weirdness & Mutations

You heal slowly.
You have razor-sharp teeth.
You have supernaturally acute eyesight. (SInv)
You can survive without breathing.


Message History

The hound writhes in agony!
You kill the hound!
Kikubaaqudgha accepts your kill.
You start resting.
HP restored.
You start resting.
You are feeling thirsty.
You start resting.
Vehumet rains destruction down upon you!
The ball explodes into a vile cloud!
The stinking cloud engulfs you!
You start resting.
You barely miss coier's ghost. Coier's ghost hits you.
You closely miss coier's ghost. Coier's ghost hits you!!
Ouch! That really hurt!
You hit coier's ghost but do no damage.
Coier's ghost whispers, "You will understand me better in a moment."
Coier's ghost closely misses you.
You barely miss coier's ghost. Coier's ghost hits you!!
You die...
Kikubaaqudgha rasps: "You have failed me!
Welcome... oblivion!"

....#######.#### #.##..[#.
...............##########.#..#...
....#######.##...........#..###..
......# #.##.....####.##...#...
....#.# #.##.###.###.##.##.....
Z.###.# #.##.#......###.###....
Z.###.#####.##.#.#.###.##.###(##.
.(..........##.....####.##....##.
.####...........@W.......#.......
.# ########...............###.##.
.# #........###...#.####### #.##.
.# #.######.# #####.# #.... .#
#Z# #.# #.# ####. .###.# #.# #.#
#. ...Z.### #.# #.# #. ...###.##
#.# #.# #. <.###.#.###.# #.# #.


You could see coier's ghost.

Vanquished Creatures
  A scorpion (D:4)
  3 hounds (D:4)
  2 iguanas (D:4)
  A worker ant (D:4)
  5 adders
  An adder skeleton (D:4)
  2 dart slugs
  2 worms
  2 leopard geckos
  8 orcs
  3 giant cockroaches
  5 goblins
  3 hobgoblins (D:3)
  2 kobolds
  2 ball pythons
  8 bats
  4 frilled lizards
  6 rats
60 creatures vanquished.

Vanquished Creatures (collateral kills)
  A leopard gecko (D:1)
  A ball python (D:4)
  A kobold (D:2)
  A rat (D:1)
4 creatures vanquished.

Grand Total: 64 creatures vanquished

Notes
Turn   | Place    | Note
-------+----------+-------------------------------------------
     0 | D:1      | tokuosma the Vampire Necromancer began the quest for the Orb.
     0 | D:1      | Reached XP level 1. HP: 13/13 MP: 3/3
   421 | D:1      | Learned a level 1 spell: Animate Skeleton
   458 | D:1      | Reached XP level 2. HP: 16/19 MP: 0/5
  1464 | D:2      | Reached skill level 5 in Necromancy
  1464 | D:2      | Reached XP level 3. HP: 8/25 MP: 0/6
  1687 | D:2      | Learned a level 3 spell: Vampiric Draining
  1689 | D:2      | Found an opulent altar of Gozag.
  1945 | D:2      | Reached skill level 1 in Fighting
  1958 | D:2      | Found a radiant altar of Vehumet.
  1972 | D:2      | Identified Vehumet's Catalogue of Conjuration
  1979 | D:2      | Became a worshipper of Vehumet
  2005 | D:2      | Found an ancient bone altar of Kikubaaqudgha.
  2006 | D:2      | Found a deep blue altar of Sif Muna.
  2020 | D:2      | Fell from the grace of Vehumet
  2020 | D:2      | Became a worshipper of Kikubaaqudgha
  2741 | D:3      | Reached XP level 4. HP: 27/32 MP: 0/7
  3026 | D:3      | Noticed Rasser's ghost (amateur DEWz)
  3082 | D:2      | You fall through a shaft for 2 floors!
  3177 | D:4      | Reached XP level 5. HP: 32/37 MP: 2/9
  3290 | D:4      | Noticed coier's ghost (novice GnWn)
  3663 | D:4      | Reached skill level 6 in Necromancy
  3663 | D:4      | Reached XP level 6. HP: 38/43 MP: 8/11
  3679 | D:4      | Learned a level 4 spell: Animate Dead
  3694 | D:4      | Learned a level 1 spell: Confusing Touch
  4285 | D:4      | Slain by coier's ghost

Skill      XL: |  1  2  3  4  5 |
---------------+----------------+-----
Necromancy     | 5 6 |  6.2
Fighting       | 1 |  1.9
Spellcasting   | 3 |  3.9
Dodging        | |  2.4
Stealth        | |  3.9
Unarmed Combat | |  0.9
Hexes          | |  0.3

Action                   |  1- 3 |  4- 6 || total
-------------------------+-------+-------++-------
Melee: Unarmed           |   114 |    31 ||   145
       Bite              |    11 |       ||    11
 Cast: Pain              |    54 |    61 ||   115
       Animate Skeleton  |     7 |     5 ||    12
       Animate Dead      |       |     2 ||     2
       Vampiric Draining |       |     1 ||     1
  Use: Scroll            |     7 |     5 ||    12
       Potion            |     5 |     1 ||     6
 Stab: Sleeping          |     6 |       ||     6
  Eat: Corpse            |     7 |     2 ||     9
Armor: Robe              |    58 |     9 ||    67
Dodge: Dodged            |   104 |    37 ||   141
Block: Other             |       |    10 ||    10
